 Dungeon Crawl Stone Soup version 0.22.0-18-ge075c0d (webtiles) character file.

213 Inarius the Ruffian (level 5, -5/46 HPs)
             Began as a Ghoul Monk on Aug 18, 2018.
             Killed by divine providence
             ... invoked by an orc priest
              (13 damage)
             ... on level 3 of the Dungeon.
             The game lasted 00:05:16 (1893 turns).

Inarius the Ruffian (Ghoul Monk)                    Turns: 1893, Time: 00:05:17

Health: -5/46      AC:  4    Str: 16    XL:     5   Next: 90%
Magic:  4/4        EV: 12    Int:  5    God:
Gold:   72         SH:  0    Dex: 11    Spells: 4/4 levels left

rFire    . . .     SeeInvis .     - Unarmed
rCold    + + .     Gourm    .   (no shield)
rNeg     + + +     Faith    .   h - +1 leather armour {rC+}
rPois    ∞         Spirit   .   (no helmet)
rElec    .         Reflect  .   (no cloak)
rCorr    .         Harm     .   (no gloves)
MR       .....                  (no boots)
Stlth    ++........             (no amulet)
HPRegen  0.00/turn              (no ring)
MPRegen  0.09/turn              (no ring)

@: rotting
A: rotting body, claws 1, carnivore, cold resistance 1, negative energy
resistance 3, inhibited regeneration, torment resistance, unbreathing
a: no special abilities


You were on level 3 of the Dungeon.
You were not hungry.

You visited 1 branch of the dungeon, and saw 3 of its levels.

You collected 72 gold pieces.

Inventory:

Missiles
 j - 6 silver javelins (quivered)
Armour
 h - a +1 leather armour of cold resistance (worn)
Wands
 l - a wand of random effects (15)
Scrolls
 a - 2 scrolls of remove curse {unknown}
 c - 4 scrolls of teleportation {unknown}
 f - 2 scrolls of identify {unknown}
 i - a scroll of noise {unknown}
 n - a scroll of immolation {unknown}
Potions
 d - a potion of flight {unknown}
 e - a potion of resistance {unknown}
 g - a potion of brilliance {unknown}
 k - a potion of degeneration {unknown}
Comestibles
 b - 3 rations


   Skills:
 + Level 4.1 Fighting
 + Level 0.2 Throwing
 * Level 2.1 Armour
 + Level 3.3 Dodging
 - Level 2.2 Stealth
 + Level 5.2 Unarmed Combat


You had 4 spell levels left.
You didn't know any spells.
Your spell library was empty.

Dungeon Overview and Level Annotations

Branches:
Dungeon (3/15)

Altars:


Innate Abilities, Weirdness & Mutations

Your body is rotting away.
You thrive on raw meat.
You are immune to poison.
You have sharp fingernails.
You are carnivorous and can eat meat at any time.
Your flesh is cold resistant. (rC+)
You are immune to negative energy. (rN+++)
You do not regenerate when monsters are visible.
You are immune to unholy pain and torment.
You can survive without breathing.


Message History

The orc barely misses you.
You scratch the orc.
The orc is almost dead.
You closely miss the orc warrior.
You scratch the orc warrior but do no damage.
The orc warrior hits you with a battleaxe!
You closely miss the orc warrior.
The orc warrior hits you with a battleaxe!!
* * * LOW HITPOINT WARNING * * *
The orc priest casts a cantrip, but nothing happens.
Found a stone staircase leading down.
Okay, then.
Unknown command.
There is a stone staircase leading up here.
Found a scroll labeled YDUIHA FITIJE.
The orc warrior closely misses you.
You see here a scroll labeled YDUIHA FITIJE.
The orc priest mumbles some strange prayers to Beogh against you.
Beogh smites you!
You die...

..#.# #.#.# #.#.# #.#o# #.#.###
#.#.# #...[.# #.#.# ### #.#.#.#
#.#.### #.. ....#.# #.#o..#######
#.# o..##.# #.o###......# #.#
#..##.# #..# #.####.# #.#
#..##.## ##@###.####.#####.#
#..##..##########...###..........
#.........o.<.o...### #..######..
##.##..######...### #..## #..
#.#...#####.###.# #...# ##.
######......# #.# ##..# #. ##>#
######.###.# #..# ## 8... ##...##
#.)# ..... ##.## #..#


You could see an orc warrior, an orc priest and an orc.

Vanquished Creatures
  Ijyb (D:3)
  Jessica (D:3)
  Natasha (twice) (D:2 D:3)
  Robin (D:3)
  2 adders (D:2)
  An ooze (D:1)
  3 worms (D:2)
  A dart slug (D:1)
  A leopard gecko (D:1)
  An orc (D:3)
  A ball python (D:1)
  2 giant cockroaches (D:2)
  15 goblins
  10 hobgoblins
  4 jackals (D:1)
  6 kobolds
  3 bats
  4 frilled lizards
  6 rats
65 creatures vanquished.

Notes
Turn   | Place    | Note
-------+----------+-------------------------------------------
     0 | D:1      | Inarius the Ghoul Monk began the quest for the Orb.
     0 | D:1      | Reached XP level 1. HP: 19/19 MP: 0/0
   120 | D:1      | Reached XP level 2. HP: 22/26 MP: 1/1
   745 | D:1      | Reached XP level 3. HP: 32/33 MP: 2/2
   892 | D:2      | Reached skill level 4 in Unarmed Combat
  1227 | D:2      | Reached XP level 4. HP: 40/40 MP: 3/3
  1300 | D:2      | Noticed Natasha
  1306 | D:2      | Killed Natasha
  1306 | D:2      | Reached skill level 1 in Armour
  1467 | D:3      | Noticed Ijyb
  1500 | D:3      | Killed Ijyb
  1500 | D:3      | Reached XP level 5. HP: 28/45 MP: 4/4
  1521 | D:3      | Noticed Robin
  1535 | D:3      | Killed Robin
  1750 | D:3      | Noticed Natasha
  1757 | D:3      | Noticed Jessica
  1759 | D:3      | Killed Natasha
  1759 | D:3      | Reached skill level 5 in Unarmed Combat
  1765 | D:3      | Killed Jessica
  1809 | D:3      | Noticed an orc warrior
  1893 | D:3      | Killed from afar by an orc priest

Skill      XL: |  1  2  3  4  5 |
---------------+----------------+-----
Dodging        | 3 |  3.3
Unarmed Combat | 4 5 |  5.2
Fighting       | 4 |  4.1
Armour         | 1 2 |  2.1
Throwing       | |  0.2
Stealth        | |  2.2

Action                   |  1- 3 |  4- 6 || total
-------------------------+-------+-------++-------
Melee: Unarmed           |   104 |   103 ||   207
       Punch             |       |     1 ||     1
Throw: Javelin           |       |     4 ||     4
 Stab: Sleeping          |     4 |     1 ||     5
  Eat: Chunk             |    11 |    17 ||    28
Armor: Ring mail         |     4 |       ||     4
       Leather armour    |    22 |    16 ||    38
Dodge: Dodged            |    59 |    56 ||   115
